 Dungeon Crawl Stone Soup version 0.29.1-12-g30fa7ad0bf (webtiles) character file.

Game seed: 7794870104232097470

4 croobank the Caller (level 1, -1/7 HPs)
             Began as a Felid Summoner on Jan 7, 2023.
             Slain by a jackal (3 damage)
             ... on level 1 of the Dungeon.
             The game lasted 00:00:56 (259 turns).

croobank the Caller (Felid Summoner)                 Turns: 259, Time: 00:00:56

Health: -1/7       AC:  1    Str:  4    XL:     1   Next: 58%
Magic:  4/4        EV: 17    Int: 16    God:
Gold:   16         SH:  0    Dex: 16    Spells: 3/4 levels left
                                        Lives:  0   Deaths: 0

rFire   . . .      SeeInvis +   (weapon unavailable)
rCold   . . .      Faith    .   (shield unavailable)
rNeg    . . .      Spirit   .   (body armour unavailable)
rPois   .          Reflect  .   (helmet unavailable)
rElec   .          Harm     .   (cloak unavailable)
rCorr   .          Rampage  .   (gloves unavailable)
Will    .....                   (boots unavailable)
Stlth   ++........              (no amulet)
HPRegen 0.02/turn               (no ring)
MPRegen 0.09/turn               (no ring)

@: quick
A: very small, claws 1, fangs 3, see invisible, speed 1, shaggy fur 1, stealthy
paws, no weapons or thrown items, no armour, multi-lived
a: no special abilities


You were on level 1 of the Dungeon.
You visited 1 branch of the dungeon, and saw 1 of its levels.

You collected 16 gold pieces.

Inventory:

Scrolls
 b - a scroll of teleportation {unknown}
 c - a scroll of identify {unknown}
 d - a scroll of blinking {unknown}
Potions
 a - a potion of magic


   Skills:
 + Level 2.8 Dodging
 + Level 2.9 Stealth
 + Level 2.1 Spellcasting
 + Level 4.0 Summonings


You had 3 spell levels left.
You knew the following spells:

 Your Spells              Type           Power      Damage    Failure   Level
a - Summon Small Mammal   Summ           56%        N/A       3%          1

Your spell library contained the following spells:

 Spells                   Type           Power      Damage    Failure   Level
 Call Imp                 Summ           14%        N/A       6%          2
 Call Canine Familiar     Summ           14%        N/A       12%         3
 Summon Guardian Golem    Hex/Summ       8%         N/A       26%         3
 Summon Lightning Spire   Summ/Air       8%         N/A       65%         4


Dungeon Overview and Level Annotations

Branches:
Dungeon (1/15)

Altars:


Innate Abilities, Weirdness & Mutations

You have sharp claws.
You have razor-sharp teeth.
You have supernaturally acute eyesight. (SInv)
You cover ground quickly. (Speed+)
You are covered in fur. (AC +1)
Your paws help you pounce on unaware monsters.
You are incapable of wielding weapons or throwing items.
You cannot wear armour.
You gain extra lives every three experience levels.


Message History

Your quokka barely misses the frilled lizard.
The frilled lizard completely misses your quokka.
Your quokka bites the frilled lizard.
The frilled lizard dies!
You swap places.
Your quokka disappears in a puff of smoke!
d - a scroll labelled XUSESUSHUUBO
Found a stone staircase leading down.
A jackal comes into view.
The jackal barks!
You hear a bark!
A jackal comes into view. x2
The jackal moves out of view.
Casting: Summon Small Mammal (safe; 3% risk of failure)
Confirm with . or Enter, or press ? or * to list all spells.
The jackal barks!
You hear a bark!
You swap places.
Your bat barely misses the jackal.
Your bat closely misses the jackal.
A jackal comes into view.
The jackal closely misses your bat.
Your bat barely misses the jackal.
The jackal barely misses your bat.
Your bat hits the jackal but does no damage.
The jackal misses your bat.
Your quokka disappears in a puff of smoke!
Your bat closely misses the jackal. x2; The jackal bites your bat.
Your bat misses the jackal.
Your bat hits the jackal but does no damage.
Your bat closely misses the jackal.
The jackal bites your bat.
Your bat dies!
Your bat's corpse disappears in a puff of smoke!
The jackal barely misses you. The jackal bites you. The jackal bites you.
The jackal barely misses you. The jackal misses you.
The jackal completely misses you. The jackal closely misses you.
The jackal bites you.
* * * LOW HITPOINT WARNING * * *
The jackal completely misses you. The jackal misses you. The jackal misses you.
The jackal bites you.
You die...

#... .... #
.......###.##
#..#........
#.........h. #.#
#h# #h# #h# #@#
#.## #.#
...#.###.# #.#
#..# ..#.#
#.#####..# ...#
#........# #..#
###......####..#
#......#.....###
#.....##.###....
#...............


You could see 3 jackals.

Vanquished Creatures (collateral kills)
  An endoplasm (D:1)
  A kobold (D:1)
  A ball python (D:1)
  A bat (D:1)
  A frilled lizard (D:1)
5 creatures vanquished.

Notes
Turn   | Place    | Note
-------+----------+-------------------------------------------
     0 | D:1      | croobank the Felid Summoner began the quest for the Orb.
     0 | D:1      | Reached XP level 1. HP: 7/7 MP: 4/4
   259 | D:1      | Slain by a jackal

Illustrated notes

Levels and vault maps discovered:
D:1:      saegor_arrival_under_anarchy, layout_basic, serial_shops,
          nicolae_shop_hallway_plus, minmay_hexomino_f4

Action                   || total
-------------------------++-------
 Cast: Summon Small Mamm ||     7
Dodge: Dodged            ||    10
